 Dungeon Crawl Stone Soup version 0.23.0 (webtiles) character file.

Game seed: 15584773143412177530

67 Ivernyr the Magician (level 4, 36/36 HPs)
             Began as a Naga Wizard on Feb 19, 2019.
             Got out of the dungeon alive.
             The game lasted 00:09:37 (1895 turns).

Ivernyr the Magician (Naga Wizard)                  Turns: 1895, Time: 00:09:38

Health: 36/36      AC:  2    Str:  9    XL:     4   Next: 18%
Magic:  9/9        EV: 10    Int: 19    God:
Gold:   97         SH:  0    Dex: 10    Spells: 1/10 levels left

rFire    . . .     SeeInvis +   c - +0 spear
rCold    . . .     Gourm    .   (no shield)
rNeg     . . .     Faith    .   a - +0 robe
rPois    +         Spirit   .   b - +0 hat
rElec    .         Reflect  .   (no cloak)
rCorr    .         Harm     .   (no gloves)
MR       .....                  (no barding)
Stlth    ++........             (no amulet)
HPRegen  0.12/turn              (no ring)
MPRegen  0.11/turn              (no ring)

@: very slow
A: large, see invisible, deformed body, poison resistance, slowness 2, slow
metabolism 1, spit poison 1, AC +1
a: Spit Poison


You escaped.
You were hungry.

You visited 1 branch of the dungeon, and saw 2 of its levels.

You collected 97 gold pieces.

Inventory:

Hand Weapons
 c - a +0 spear (weapon)
Armour
 a - a +0 robe (worn)
 b - a +0 hat (worn)
Scrolls
 e - a scroll of blinking {unknown}
 f - 4 scrolls of identify {unknown}
 i - a scroll of random uselessness {unknown}
 j - a scroll of teleportation {unknown}
Potions
 g - a potion of curing {unknown}
 h - a potion of mutation {unknown}
Comestibles
 d - 4 rations


   Skills:
 + Level 2.2 Dodging
 - Level 3.0 Stealth
 + Level 3.7 Spellcasting
 * Level 2.3 Conjurations
   Level 1.0 Summonings
 - Level 1.0 Translocations


You had one spell level left.
You knew the following spells:

 Your Spells              Type           Power        Failure   Level  Hunger
a - Magic Dart            Conj           ##..         5%          1    None
b - Blink                 Tloc           N/A          14%         2    ##.....
c - Conjure Flame         Conj/Fire      #.......     26%         3    ###....
d - Mephitic Cloud        Conj/Pois/Air  #.......     30%         3    ###....

Your spell library contained the following spells:

 Spells                   Type           Power        Failure   Level  Hunger
 Call Imp                 Summ           #.......     14%         2    ##.....
 Slow                     Hex            #.......     22%         2    ##.....


Dungeon Overview and Level Annotations

Branches:
Dungeon (2/15)

Altars:
Sif Muna


Innate Abilities, Weirdness & Mutations

You cannot wear boots.
Your serpentine skin is tough. (AC +1)
You have supernaturally acute eyesight. (SInv)
Armour fits poorly on your strangely shaped body.
Your system is resistant to poisons. (rPois)
You cover ground very slowly.
You have a slow metabolism.
You can spit poison.


Message History

You kill the bat!
Found a robe.
Quiver which item? (- for none, * to show all) (? for menu, Esc to quit)
Okay, then.
(D) Dungeon
Where to? (Enter - D:2, ? - help)
What level of the Dungeon? (default 1, ? - help) HP restored.
There is a stone staircase leading up here.
You climb upwards.
There is a stone staircase leading down here.
You are feeling hungry.
There are no items here.
Unknown command.
(D) Dungeon
Where to? (Enter - D:1 @ (x,y), ? - help)
There is an open door here.
There is a staircase leading out of the dungeon here.
Are you sure you want to leave the Dungeon?
This will make you lose the game!
You have escaped!

.#....######## #.....#
#.# ......#
###.########.# ###...#
###### #............#
......# #....#
#.#..#########
##.########.##§###§##.#
##..........#§.§§≈§§#.#
............#§≈.≈.§§#.#
............#§≈...§§#.#
............+.≈.@.§...#
............#≈≈...≈≈###
............#≈≈.≈.≈§#
............#≈.≈≈≈.≈#
............##+###+##
.......)...........#
..##...#############
..#......# ###.†....#


There were no monsters in sight!

Vanquished Creatures
  An adder (D:2)
  3 dart slugs
  2 leopard geckos
  5 bats
  2 giant cockroaches (D:1)
  5 goblins (D:1)
  8 hobgoblins (D:1)
  8 jackals
  2 kobolds (D:1)
  A quokka (D:2)
  5 frilled lizards
  4 rats
46 creatures vanquished.

Notes
Turn   | Place    | Note
-------+----------+-------------------------------------------
     0 | D:1      | Ivernyr the Naga Wizard began the quest for the Orb.
     0 | D:1      | Reached XP level 1. HP: 15/15 MP: 4/4
   250 | D:1      | Reached XP level 2. HP: 19/22 MP: 3/6
   254 | D:1      | Learned a level 2 spell: Blink
   550 | D:1      | Reached XP level 3. HP: 28/28 MP: 5/7
   881 | D:1      | Learned a level 3 spell: Conjure Flame
   885 | D:1      | Learned a level 3 spell: Mephitic Cloud
  1653 | D:2      | Reached XP level 4. HP: 36/36 MP: 6/9
  1705 | D:2      | Found a deep blue altar of Sif Muna.
  1895 | D:$      | Got out of the dungeon alive.

Skill      XL: |  1  2  3 |
---------------+----------+-----
Dodging        | 2 |  2.2
Conjurations   | 2 |  2.3
Stealth        | |  3.0
Spellcasting   | |  3.7
Summonings     | |  1.0
Translocations | |  1.0

Action                   |  1- 3 |  4- 6 || total
-------------------------+-------+-------++-------
Melee: Spear             |    43 |     5 ||    48
 Cast: Magic Dart        |    44 |     2 ||    46
 Abil: Spit Poison       |    30 |     1 ||    31
  Eat: Chunk             |     3 |       ||     3
Armor: Robe              |    19 |     1 ||    20
Dodge: Dodged            |    52 |     6 ||    58
